 Dungeon Crawl Stone Soup version 0.24.0-125-gc4c63601f3 (webtiles) character file.

Game seed: 8391340136169065755, levelgen mode: deterministic

56351 Mesmaeker13 the Warrior (level 14, 0/135 HPs)
             Began as a Minotaur Berserker on Mar 14, 2020.
             Was a High Priest of Trog.
             Slain by a tengu warrior
             ... wielding a +2 battleaxe
              (12 damage)
             ... while paralysed
             ... on level 15 of the Dungeon.
             The game lasted 00:44:43 (27042 turns).

Mesmaeker13 the Warrior (Minotaur Berserker)       Turns: 27042, Time: 00:44:43

Health: 0/135      AC: 14    Str: 22    XL:     14   Next: 41%
Magic:  21/21      EV:  2    Int:  4    God:    Trog [*****.]
Gold:   103        SH:  0    Dex: 15    Spells: 13/13 levels left

rFire    + + +     SeeInvis .   j - +7 great mace "Firestarter" {inner flame, rF++}
rCold    + . .     Gourm    .   (shield currently unavailable)
rNeg     . . .     Faith    .   a - +1 chain mail {rF+}
rPois    +         Spirit   .   (helmet restricted)
rElec    .         Reflect  .   r - scarf {repulsion}
rCorr    .         Harm     .   (no gloves)
MR       +....                  o - +0 pair of boots
Stlth    ..........             (no amulet)
HPRegen  0.32/turn              A - ring of poison resistance
MPRegen  0.17/turn              m - ring of protection from cold

@: paralysed, berserk cooldown, fainting, slowed, very heavily drained, repel
missiles
A: retaliatory headbutt, horns 2
a: Berserk, Trog's Hand, Brothers in Arms, Renounce Religion


You were on level 15 of the Dungeon.
You worshipped Trog.
Trog was extremely pleased with you.
You were fainting.

You visited 3 branches of the dungeon, and saw 22 of its levels.
You visited 1 bazaar.
You also visited: Bailey and Volcano.

You collected 1210 gold pieces.
You spent 1107 gold pieces at shops.

Inventory:

Hand Weapons
 e - a +5 antimagic battleaxe
 f - a +2 battleaxe of chopping
 j - the +7 great mace "Firestarter" (weapon) {inner flame, rF++}
   (You bought it in a shop in a bazaar)

   It has been specially enchanted to burn those struck by it, causing extra
   injury to most foes and up to half again as much damage against particularly
   susceptible opponents.
   It greatly protects you from fire.
 t - a +3 antimagic broad axe
Missiles
 n - 8 silver javelins (quivered)
Armour
 a - a +1 chain mail of fire resistance (worn)
 o - a +0 pair of boots (worn)
 r - a scarf of repulsion (worn)
 D - a scarf of cloud immunity
Jewellery
 m - a ring of protection from cold (right hand)
 A - a ring of poison resistance (left hand)
 E - an uncursed amulet of faith
Wands
 B - a wand of iceblast (11)
 L - a wand of paralysis (3)
Scrolls
 b - 2 scrolls of fog
 d - 2 scrolls of acquirement {unknown}
 p - a scroll of holy word
 q - 4 scrolls of teleportation
 s - 12 scrolls of remove curse
 u - 7 scrolls of enchant armour
 v - a scroll of magic mapping
 z - a scroll of fear
 K - 3 scrolls of blinking
Potions
 g - a potion of might
 h - 2 potions of haste
 i - 2 potions of heal wounds
 k - 3 potions of flight
 l - a potion of curing
 C - a potion of agility {unknown}
 F - 3 potions of ambrosia
 H - 4 potions of mutation
 I - a potion of brilliance
Miscellaneous
 G - a phial of floods
Comestibles
 c - 23 rations


   Skills:
 + Level 15.1(10.5) Fighting
 - Level 14.8(10.3) Axes
 + Level 2.9(6.2) Maces & Flails
 + Level 14.9(10.3) Armour
 - Level 5.6(2.0) Dodging
 + Level 11.0(6.8) Evocations


You had 13 spell levels left.
You didn't know any spells.
Your spell library was empty.

Dungeon Overview and Level Annotations

Branches:
Dungeon (15/15)            Temple (0/1) D:7            Lair (6/6) D:8
  Swamp (0/4) Lair:3        Snake (0/4) Lair:2        Slime (0/5) Lair:5
    Orc (1/2) D:12         Bailey (visited)         Volcano (visited)
 Vaults: D:13-14     Depths: D:15

Altars:
Ashenzari
Cheibriados
Elyvilon
Makhleb
Ru
Sif Muna
Uskayaw
Wu Jian

Shops:
D:6 :   D:7 %


Innate Abilities, Weirdness & Mutations

You reflexively headbutt those who attack you in melee.
You have a pair of horns on your head.


Message History

* * * LOW HITPOINT WARNING * * *
The tengu warrior claws you but does no damage.
The hungry ghost hits you.
You feel slightly more hungry.
You bludgeon the tengu warrior!! You burn the tengu warrior.
The tengu warrior explodes!
The fiery explosion engulfs the hungry ghost!!
You destroy the hungry ghost!
Trog accepts your kill. The fiery explosion engulfs you. You resist.
* * * LOW HITPOINT WARNING * * *
Trog accepts your kill.
You lose consciousness!
The tengu warrior hits you with a +2 battleaxe.
* * * LOW HITPOINT WARNING * * *
The tengu warrior pecks you but does no damage.
The tengu warrior claws you but does no damage.
You are no longer berserk.
You feel yourself slow down.
The tengu warrior hits you with a +2 battleaxe!
You die...

## ##.# ####.## #..#
......## #..##
.......### ##...##
.........#####...$.#
.............#.§§§.##
.........#.....§§§..#
.........####..§@§..#
..........# ##...Q.^#
.###......# #.......#
##⌠##.....# #.....###
#...##..### #.#####
..!..##.# #.#
.%♣!.⌠#.# ##. .


You could see a tengu warrior.

Vanquished Creatures
  4 hydras
  A centaur warrior (D:11)
  Erolcha (D:11)
  3 catoblepae (Lair:6)
  3 death yaks (Lair:6)
  A tengu warrior (D:15)
  2 two-headed ogres
  Nergalle (Lair:2)
  A hell knight (Volcano)
  An unseen horror (D:12)
  A deep elf archer (Bailey)
  A lindwurm (Lair:6)
  2 oklob plants (Lair:4)
  4 ugly things
  8 deep elf magi (Bailey)
  2 manticores (Lair:6)
  A centaur zombie (D:10)
  5 elephants (Lair:5)
  7 black mambas
  A smoke demon (Volcano)
  2 centaur skeletons
  5 spiny frogs
  5 rime drakes
  A kobold demonologist (D:12)
  2 komodo dragons (Lair:6)
  3 meliai (D:12)
  A queen bee (D:12)
  4 trolls
  Grinder (D:3)
  2 bog bodies (Lair:3)
  3 hornets
  5 hippogriffs
  A meliai zombie (D:12)
  15 dream sheep
  A shadow (D:9)
  38 yaks
  3 wyverns
  6 fire bats (Volcano)
  4 wraiths
  3 hogs (D:9)
  A human (D:9)
  3 hungry ghosts
  2 basilisks (Lair:6)
  2 wargs
  Menkaure (D:7)
  Edmund (D:4)
  5 soldier ants (D:10)
  An acid dragon (D:12)
  3 nagas (Lair:2)
  12 water moccasins
  2 hell hounds (Volcano)
  10 porcupines
  10 orc warriors
  3 sky beasts
  3 ice beasts
  4 black bears
  3 phantoms
  9 ogres
  6 wolves (Lair:2)
  5 centaurs
  12 crocodiles
  A wyvern zombie (D:8)
  17 bullfrogs
  A wyvern skeleton (D:9)
  Dowan (D:6)
  3 scorpions
  36 killer bees
  3 wights (D:10)
  2 electric eels (D:11)
  3 howler monkeys
  3 bullfrog zombies
  3 crimson imps
  7 hounds
  6 lava snakes (Volcano)
  A quasit (D:7)
  A gnoll shaman (D:8)
  Crazy Yiuf (D:2)
  2 iguanas
  8 orc priests
  14 orc wizards
  2 bullfrog skeletons
  Natasha (thrice) (D:2)
  5 hell rats
  12 worker ants
  A hound zombie (D:7)
  A hound skeleton (D:11)
  10 gnolls
  18 adders
  2 shadow imps (D:10)
  An ooze (D:2)
  2 adder skeletons (D:8)
  2 worms
  2 dart slugs
  4 leopard geckos
  48 orcs
  4 giant cockroaches
  15 goblins
  6 hobgoblins
  3 jackals (D:2)
  4 quokkas
  A ball python (D:6)
  11 bats
  2 frilled lizards
  6 kobolds
  A quokka skeleton (D:5)
  5 rats
  2 fungi
  2 plants
541 creatures vanquished.

Vanquished Creatures (others)
  10 fungi (D:8)
  4 plants
14 creatures vanquished.

Grand Total: 555 creatures vanquished

Notes
Turn   | Place    | Note
-------+----------+-------------------------------------------
     0 | D:1      | Mesmaeker13 the Minotaur Berserker began the quest for the
                  | Orb.
     0 | D:1      | Reached XP level 1. HP: 19/19 MP: 0/0
   105 | D:1      | Reached XP level 2. HP: 20/27 MP: 1/1
   460 | D:1      | Reached skill level 4 in Fighting
   670 | D:2      | Found a runed translucent door.
   671 | D:2      | Noticed Crazy Yiuf
   791 | D:2      | Reached XP level 3. HP: 21/33 MP: 2/2
  1045 | D:2      | Reached ** piety under Trog
  1433 | D:2      | Killed Crazy Yiuf
  1433 | D:2      | Reached XP level 4. HP: 41/41 MP: 3/3
  1725 | D:3      | Found a snail-covered altar of Cheibriados.
  1725 | D:3      | Noticed Natasha
  1725 | D:3      | Noticed Grinder
  1751 | D:2      | Reached XP level 5. HP: 46/47 MP: 4/4
  1754 | D:2      | Killed Natasha
  1769 | D:2      | Noticed Natasha
  1781 | D:2      | Killed Natasha
  2016 | D:2      | Noticed Natasha
  2025 | D:2      | Killed Natasha
  2025 | D:2      | Reached skill level 5 in Fighting
  2025 | D:2      | Reached skill level 5 in Axes
  2209 | D:3      | Reached XP level 6. HP: 35/56 MP: 5/5
  2382 | D:3      | Killed Grinder
  2756 | D:4      | Reached skill level 5 in Armour
  2756 | D:4      | Reached XP level 7. HP: 56/62 MP: 6/6
  2834 | D:4      | Noticed Edmund
  2848 | D:4      | Killed Edmund
  2848 | D:4      | Reached skill level 6 in Fighting
  3556 | D:4      | Got a wizard robe
  3557 | D:4      | Identified the +1 robe of Adwu {+Blink} (You found it on
                  | level 4 of the Dungeon)
  3886 | D:4      | Found a sacrificial altar of Ru.
  3886 | D:4      | Found an ornate altar of the Wu Jian Council.
  4053 | D:5      | Entered Level 5 of the Dungeon
  4119 | D:5      | Reached skill level 5 in Dodging
  4143 | D:5      | Found a hide-covered altar of Uskayaw.
  4436 | D:5      | Found a shattered altar of Ashenzari.
  4519 | D:5      | Reached XP level 8. HP: 60/71 MP: 7/7
  4907 | D:6      | Reached *** piety under Trog
  4952 | D:6      | Noticed Dowan
  4986 | D:6      | Killed Dowan
  5198 | D:6      | Found Waoskota's Book Shop.
  5230 | D:6      | Reached skill level 7 in Fighting
  5844 | D:7      | Reached skill level 1 in Evocations
  6244 | D:7      | Found Ecuatede's Food Shop.
  6409 | D:7      | Found a staircase to the Ecumenical Temple.
  6434 | D:7      | Reached XP level 9. HP: 76/81 MP: 9/9
  6482 | D:7      | Noticed Menkaure
  6490 | D:7      | Killed Menkaure
  6490 | D:7      | Reached skill level 8 in Fighting
  7517 | D:8      | Reached **** piety under Trog
  7594 | D:8      | Reached skill level 9 in Fighting
  7897 | D:8      | Found a staircase to the Lair.
  8042 | D:8      | Reached XP level 10. HP: 71/91 MP: 12/12
  9115 | D:9      | Reached skill level 5 in Evocations
  9234 | D:9      | Reached ***** piety under Trog
  9463 | D:9      | Reached skill level 10 in Axes
  9505 | D:9      | Reached skill level 10 in Fighting
  9623 | D:9      | Found a burning altar of Makhleb.
 10048 | D:10     | Entered Level 10 of the Dungeon
 10053 | D:10     | Got a crystal long sword
 10058 | D:10     | Found a runed translucent gate.
 10060 | D:10     | Found the +9 staff of Olgreb {rPois}
 10072 | D:10     | Found a flagged portal.
 10107 | Bailey   | Entered a bailey
 10113 | Bailey   | Noticed a deep elf mage
 10119 | Bailey   | Killed a deep elf mage
 10119 | Bailey   | Reached skill level 10 in Armour
 10129 | Bailey   | Noticed a deep elf mage
 10130 | Bailey   | Noticed a deep elf mage
 10134 | Bailey   | Killed a deep elf mage
 10134 | Bailey   | Noticed a deep elf mage
 10136 | Bailey   | Killed a deep elf mage
 10140 | Bailey   | Noticed a deep elf mage
 10140 | Bailey   | Noticed a deep elf mage
 10140 | Bailey   | Noticed a deep elf mage
 10141 | Bailey   | Killed a deep elf mage
 10141 | Bailey   | Reached XP level 11. HP: 101/101 MP: 14/14
 10149 | Bailey   | Killed a deep elf mage
 10149 | Bailey   | Received a gift from Trog
 10155 | Bailey   | Killed a deep elf mage
 10160 | Bailey   | Killed a deep elf mage
 10160 | Bailey   | Reached skill level 11 in Fighting
 10324 | Bailey   | Noticed a deep elf mage
 10331 | Bailey   | Killed a deep elf mage
 10367 | Bailey   | Noticed a deep elf archer
 10397 | Bailey   | Killed a deep elf archer
 10784 | D:10     | Found a runed translucent door.
 10784 | D:10     | Found a runed translucent gate.
 10784 | D:10     | Noticed a two-headed ogre
 10793 | D:10     | Killed a two-headed ogre
 10919 | D:10     | Found a runed translucent gate.
 10928 | D:10     | Found a runed translucent door.
 12399 | Lair:1   | Entered Level 1 of the Lair of Beasts
 12442 | Lair:1   | Identified the cursed +2 long sword "Ibeaj" {elec, Int+2}
                  | (You found it on level 10 of the Dungeon)
 13963 | Lair:2   | Reached skill level 12 in Fighting
 14147 | Lair:2   | Received a gift from Trog
 14149 | Lair:2   | Reached XP level 12. HP: 112/112 MP: 16/16
 14223 | Lair:2   | Found a staircase to the Snake Pit.
 14866 | Lair:2   | Noticed Nergalle
 14878 | Lair:2   | Killed Nergalle
 15527 | Lair:3   | Found a staircase to the Swamp.
 17901 | Lair:5   | Reached skill level 13 in Fighting
 17919 | Lair:5   | Found a staircase to the Slime Pits.
 18363 | Lair:5   | Reached XP level 13. HP: 70/122 MP: 6/18
 18592 | Lair:5   | Found a dark tunnel.
 18601 | Volcano  | Entered a volcano
 19104 | Volcano  | Found a radiant altar of Vehumet.
 19952 | Lair:6   | Entered Level 6 of the Lair of Beasts
 20167 | Lair:6   | Reached skill level 14 in Fighting
 20652 | Lair:6   | Received a gift from Trog
 20652 | Lair:6   | Reached skill level 10 in Evocations
 20830 | Lair:6   | Found a shimmering blue altar of Sif Muna.
 22951 | D:11     | Reached XP level 14. HP: 101/133 MP: 6/20
 23274 | D:11     | Noticed Erolcha
 23280 | D:11     | Killed Erolcha
 23537 | D:11     | Found a white marble altar of Elyvilon.
 24417 | D:12     | Found a flickering gateway to a bazaar.
 24426 | Bazaar   | Entered a bazaar
 24428 | Bazaar   | Found Woicoum's Assorted Antiques.
 24431 | Bazaar   | Found Ickull's Weapon Emporium.
 24452 | Bazaar   | Found Ufailul's General Store.
 24453 | Bazaar   | Found Ussabaq's Assorted Antiques.
 24489 | Bazaar   | Bought the +7 great mace "Firestarter" {inner flame, rF++}
                  | for 427 gold pieces
 24489 | Bazaar   | Found the +7 great mace "Firestarter" {inner flame, rF++}
 24498 | Bazaar   | Bought a glowing onyx ring for 170 gold pieces
 24498 | Bazaar   | Bought a scroll of holy word for 255 gold pieces
 24540 | Bazaar   | Bought a potion of heal wounds for 140 gold pieces
 24569 | Bazaar   | Bought 8 silver javelins for 115 gold pieces
 24640 | D:12     | Received a gift from Trog
 24822 | D:12     | Reached skill level 1 in Maces & Flails
 25554 | D:12     | Found a staircase to the Orcish Mines.
 25660 | Orc:1    | Entered Level 1 of the Orcish Mines
 25682 | Orc:1    | Reached skill level 15 in Fighting
 25737 | Orc:1    | Noticed an orc warlord
 27011 | D:12     | You fall into a shaft and drop 3 floors!
 27011 | D:15     | Entered Level 15 of the Dungeon
 27041 | D:15     | Paralysed by fainting for 11 turns
 27042 | D:15     | Slain by a tengu warrior

Levels and vault maps discovered:
D:1:      scummos_arrival_checkerplants, layout_loops_cross,
          corexii_corridor_pit
D:2:      layout_basic, uniq_crazy_yiuf_cottage
D:3:      layout_loops_cross, first_ration, kennysheep_slug_shrine,
          uniq_natasha, uniq_grinder
D:4:      layout_basic, gammafunk_temple_overflow_elements, corexii_shack,
          uniq_edmund
D:5:      layout_loops_ring, ashenzari_altar_1, basic_altar,
          hangedman_decor_peaks_small, chequers_serial_rivers_small_a
D:6:      layout_basic, serial_shops, nicolae_shop_stone, serial_park_tiny_pond,
          uniq_duvessa
D:7:      layout_loops_cross, minmay_temple_entry_drinking_statues,
          serial_shops, shop, uniq_menkaure
D:8:      layout_layer_cave, due_lair_maze_entry_diamond
D:9:      layout_irregular_city, makhleb_heckhound_becter, grunt_livestock
D:10:     layout_basic, enter_bailey_3, minmay_guarded_unrand_staff_of_olgreb
D:11:     statuecave_lemuel, layout_loops_corners, basic_altar, uniq_erolcha
D:12:     layout_long_grid, erik_orc_4, serial_shops, bzr_entry_islet,
          minivault_7
D:13:     minmay_sliced_demisemicircle, layout_long_grid,
          hangedman_vaults_entry_quadrant_bands, portal_ice_cave_entry_imps,
          nicolae_tso_carved_into_rock
D:14:     lemuel_vampire_tower, layout_rooms, fountainhead
D:15:     grunt_enter_depths_giant_problem, layout_cave_pods,
          hellmonk_ghost_happy_afterlife, ebering_dispersal_statue_hall,
          uniq_rupert
Lair:1:   layout_regular_city, serial_bayou_shore_b
Lair:2:   layout_small_grid, minmay_snake_entry_guardpost_small, uniq_nergalle
Lair:3:   layout_hall_layers, skrybe_swamp_entry_bodies, lemuel_fruit_tree
Lair:4:   layout_regular_city, grunt_megastairs_5, minmay_lair_oklob_chamber
Lair:5:   layout_cave_pods, slime_dummy, enter_volcano_2, minivault_27,
          lemuel_fruit_fields
Lair:6:   hangedman_lair_in_review, layout_regular_city, basic_altar
Orc:1:    layout_caves, nicolae_orc_tapped_out

Skill      XL: |  1  2  3  4  5  6  7  8  9 10 11 12 13 14 |
---------------+-------------------------------------------+-----
Fighting       | 4 5 6 7 9 10 12 13 14 15 | 15.1
Axes           | 4 5 6 7 9 10 12 13 14 | 14.8
Armour         | 3 4 5 7 8 10 11 13 14 | 14.9
Dodging        | 3 4 5 |  5.6
Evocations     | 2 4 6 7 9 10 11 | 11.0
Maces & Flails | 2 |  2.9

Action                   |  1- 3 |  4- 6 |  7- 9 | 10-12 | 13-15 || total
-------------------------+-------+-------+-------+-------+-------++-------
Melee: Hand axe          |    85 |   105 |    13 |   171 |       ||   374
       Headbutt          |    12 |    15 |    64 |   162 |    93 ||   346
       Flail             |       |       |   291 |   246 |     1 ||   538
       Battleaxe         |       |       |       |   184 |   332 ||   516
       Great mace        |       |       |       |       |   117 ||   117
Throw: Dart              |       |       |     4 |     2 |       ||     6
Invok: Berserk           |     1 |       |     1 |    10 |     6 ||    18
       Trog's Hand       |       |       |     1 |     1 |     5 ||     7
Evoke: Wand              |       |       |       |    10 |    16 ||    26
       Phial of floods   |       |       |       |     1 |     1 ||     2
  Use: Scroll            |     2 |       |     6 |    20 |     6 ||    34
       Potion            |       |       |     2 |     1 |    11 ||    14
 Stab: Paralysed         |       |       |       |     2 |       ||     2
  Eat: Chunk             |     1 |     6 |    18 |    24 |    23 ||    72
       Ration            |       |       |     2 |     5 |     5 ||    12
Armor: Animal skin       |     2 |       |       |       |       ||     2
       Chain mail        |    52 |    55 |   185 |   219 |   305 ||   816
Dodge: Dodged            |    41 |    37 |   167 |   265 |   328 ||   838
       Deflected         |       |       |       |       |    11 ||    11
Block: Buckler           |     5 |    14 |    53 |    52 |       ||   124
